 Dungeon Crawl Stone Soup version 0.31.0-11-ge490571c62 (webtiles) character file.

Game seed: 17401904229362441849

437 Gadfly the Ruffian (level 6, -8/46 HPs)
             Began as a Demonspawn Shapeshifter on Jan 27, 2024.
             Mangled by an orc warrior
             ... wielding a +0 halberd
              (18 damage)
             ... on level 6 of the Dungeon.
             The game lasted 00:06:17 (3348 turns).

Gadfly the Ruffian (Demonspawn Shapeshifter)        Turns: 3348, Time: 00:06:18

Health: -8/46      AC:  3    Str: 16    XL:     6   Next: 69%
Magic:  6/6        EV: 13    Int: 10    God:
Gold:   1148       SH:  0    Dex: 13    Spells: 5/5 levels left

rFire   + +          .
                       - Unarmed
rCold   . . .        (no shield)
rNeg    . . .        a - +0 animal skin
rPois   .            (no helmet)
rElec   .            (no cloak)
rCorr   .            m - +0 pair of gloves
SInv    .            (no boots)
Will    .....        g - amulet "Ceigozxet" {rF+ Regen+}
Stlth   +            f - ring of protection from fire
HPRegen 1.07/turn    (no ring)
MPRegen 0.10/turn

%: no passive effects
@: no status effects
A: foul stench 1, demonic touch 1
a: no special abilities


You were on level 6 of the Dungeon.
You visited 1 branch of the dungeon, and saw 6 of its levels.

You collected 1148 gold pieces.

Inventory:

Hand Weapons
 b - a +1 whip of venom
Armour
 a - a +0 animal skin (worn)
 m - a +0 pair of gloves (worn)
Jewellery
 f - a ring of protection from fire (left hand)
 g - the amulet "Ceigozxet" (around neck) {rF+ Regen+}
   (You acquired it on level 1 of the Dungeon)

   [amulet of regeneration]

   rF+:       It protects you from fire.
   Regen+:    It increases your rate of health regeneration.
Talismans
 c - a beast talisman
 d - a flux talisman
Wands
 n - a wand of digging (4)
 o - a wand of acid (6) (quivered)
Scrolls
 j - a scroll of blinking
 k - 2 scrolls of fear
 l - a scroll of enchant weapon {unknown}
Potions
 e - a potion of lignification
 h - a potion of attraction
 i - a potion of berserk rage


   Skills:
 + Level 2.6 Fighting
 + Level 3.3 Dodging
 * Level 3.8 Unarmed Combat
 * Level 3.3 Evocations
 * Level 3.6 Shapeshifting


You had 5 spell levels left.
You didn't know any spells.
Your spell library contained the following spells:

 Spells                   Type           Power      Damage    Failure   Level
 Inner Flame              Hex/Fire       0%         N/A       75%         3
 Flame Wave               Conj/Fire      0%         2d4       98%         4
 Sticky Flame             Fire/Alch      0%         2d4       98%         4


Dungeon Overview and Level Annotations

Branches:
Dungeon (7/15)
 Temple: D:4-7

Altars:
Dithmenos


Innate Abilities, Weirdness & Mutations

You may rarely emit foul miasma when damaged in melee.
Your touch may inflict minor irresistible damage on your foes.


Message History

Found a stone staircase leading up.
You punch the orc!
You kill the orc!
No target in view!
No target in view!
No target in view!
No target in view!
No target in view!
No target in view!
No target in view!
No target in view!
No target in view!
No target in view!
No target in view!
No target in view!
No target in view!
No target in view!
An orc warrior is nearby!
The orc warrior hits you from afar with a +0 halberd!
Aiming: Corrosive Bolt
Press: ? - help, Shift-Dir - straight line, f - orc warrior
Aim: an orc warrior, wielding a +0 halberd and wearing a +0 plate armour (74% to hit)
The bolt of acid hits the orc warrior!
The acid corrodes the orc warrior!
The orc warrior is moderately wounded.
The orc warrior barely misses you.
The orc warrior hits you with a +0 halberd!
You are too injured to fight recklessly!
You are too injured to fight recklessly!
You are too injured to fight recklessly!
You hit the orc warrior.
The orc warrior is moderately wounded.
The orc warrior misses you.
You hit the orc warrior.
The orc warrior is moderately wounded.
The orc warrior hits you with a +0 halberd!
* * * LOW HITPOINT WARNING * * *
You barely miss the orc warrior.
The orc warrior is moderately wounded.
The orc warrior hits you with a +0 halberd!!
You die...

#.. ## ... #... .. ...
....#.# .. ...#.# #.# #
#.#.# ..####. #.##
#...## .......#
....###...##o......
...........@......# #
#..........###.....##..
..........#####........
.........###.##........
.......................
..........####.........
.........####o.....##..
..........##.....###
#..#..>..).>....#


You could see an orc warrior (corroded).

Vanquished Creatures
  An ogre (D:7)
  A scorpion (D:7)
  An orc priest (D:7)
  A sleepcap (D:7)
  An iguana (D:7)
  4 gnolls (D:4)
  8 adders
  A white imp (D:7)
  4 ufetubi
  3 dart slugs (D:2)
  6 orcs
  4 endoplasms
  2 giant cockroaches
  6 goblins
  6 hobgoblins
  7 jackals
  9 kobolds
  2 quokkas
  3 bats
  4 frilled lizards
  6 rats
80 creatures vanquished.

Notes
Turn   | Place    | Note
-------+----------+-------------------------------------------
     0 | D:1      | Gadfly the Demonspawn Shapeshifter began the quest for the
                  | Orb.
     0 | D:1      | Reached XP level 1. HP: 15/15 MP: 1/1
   285 | D:1      | Gained mutation: Your touch may inflict minor irresistible
                  | damage on your foes. [demonic ancestry]
   285 | D:1      | Reached XP level 2. HP: 21/21 MP: 2/2
   376 | D:1      | Reached skill level 1 in Evocations
   686 | D:1      | Found a faded altar of an unknown god.
   791 | D:1      | Gained mutation: You may rarely emit foul miasma when
                  | damaged in melee. [demonic ancestry]
   791 | D:1      | Reached XP level 3. HP: 26/26 MP: 3/3
   845 | D:1      | Identified a scroll of acquirement
   845 | D:1      | Acquired the amulet "Ceigozxet" {rF+ Regen+}
  1275 | D:2      | Reached XP level 4. HP: 24/33 MP: 4/4
  1539 | D:2      | Acquired 944 gold pieces
  1551 | D:3      | Found a shadowy altar of Dithmenos.
  1789 | D:3      | Identified the +0 pair of boots of the Desolation of Salt
                  | {Regen+}
  2389 | D:4      | Reached XP level 5. HP: 35/38 MP: 5/5
  2591 | D:4      | You fall into a shaft and drop 3 floors!
  2731 | D:7      | Noticed an ogre
  2739 | D:7      | Killed an ogre
  2767 | D:7      | Reached XP level 6. HP: 29/45 MP: 6/6
  2996 | D:7      | HP: 2/46 [scorpion (1)]
  3001 | D:7      | HP: 1/69 [poisoned by a scorpion]
  3237 | D:6      | Noticed an orc warrior
  3348 | D:6      | Mangled by an orc warrior

Illustrated notes

Levels and vault maps discovered:
D:1:      heliophobic_arrival_ceremonial_halls, layout_basic,
          hellmonk_ecumenical_altar_prayer_group
D:2:      layout_basic
D:3:      layout_loops_ring, mainiacjoe_overflow_catwalk,
          kennysheep_pointless_box, nicolae_half_adder
D:4:      layout_loops_ring, kennysheep_mini,
          serial_library_hellmonk_open_cross, chequers_serial_rivers_small_a,
          nicolae_shop_self_help
D:6:      layout_cave_pools, nicolae_uskayaw_dance_hall,
          mainiacjoe_overflow_alcove_4, gammafunk_ghost_split
D:7:      layout_cave_pods, tso_oasis_becter

Skill      XL: |  1  2  3  4  5  6 |
---------------+-------------------+-----
Dodging        | 2 3 |  3.3
Evocations     | 1 2 3 |  3.3
Unarmed Combat | 3 |  3.8
Shapeshifting  | 3 |  3.6
Fighting       | 2 |  2.6

Action                     |  1- 3 |  4- 6 || total
---------------------------+-------+-------++-------
  Melee: Unarmed           |    86 |   129 ||   215
         Touch             |    13 |    24 ||    37
         Punch             |     2 |     2 ||     4
         Whip              |       |    12 ||    12
Ability: Begin Untransform |       |     1 ||     1
  Evoke: Wand              |       |     1 ||     1
    Use: Scroll            |     3 |    10 ||    13
         Potion            |       |     2 ||     2
   Stab: Sleeping          |     3 |     1 ||     4
 Armour: Animal skin       |    40 |    96 ||   136
         Skin              |       |     2 ||     2
  Dodge: Dodged            |    47 |    95 ||   142
